 Dungeon Crawl Stone Soup version 0.31.0-9-g3a7656b989 (webtiles) character file.

Game seed: 1410164950244584170

9329 Gottschkopf the Blocker (level 11, -2/97 HPs)
             Began as a Minotaur Fighter on Jan 27, 2024.
             Was a High Priest of Ru.
             Slain by a skeletal warrior
             ... wielding a +0 long sword of electrocution
              (12 damage)
             ... on level 11 of the Dungeon.
             The game lasted 00:30:55 (9803 turns).

Gottschkopf the Blocker (Minotaur Fighter)          Turns: 9803, Time: 00:30:56

Health: -2/97      AC: 14    Str: 22    XL:     11   Next: 21%
Magic:  10/10      EV: 10    Int:  5    God:    Ru [*****.]
Gold:   241        SH:  7    Dex: 16    Spells: 10/10 levels left

rFire   x . .        A - +10 rapier of Mekh {flame, *Noise Fly Dex+3}
rCold   . . .        c - +0 buckler
rNeg    + . .        C - +1 ring mail of Yredelemnul, Twisting {Harm rElec rPois rC+}
rPois   +            (helmet restricted)
rElec   +            q - +0 cloak
rCorr   .            l - +0 pair of gloves
SInv    .            (no boots)
Will    .....        z - amulet "Ynathran" {RegenMP Rampage}
Stlth   ++           P - ring of positive energy
HPRegen 0.36/turn    Q - +4 ring of protection
MPRegen 0.52/turn

%: harm (+30% outgoing, +20% incoming), rampage
@: flying, studying Shields
A: horns 2, weak 1, hated by all, disrupted magic 1, temperature sensitive,
retaliatory headbutt, thin skeletal structure 1
a: Renounce Religion, Draw Out Power, Power Leap, Apocalypse


You were on level 11 of the Dungeon.
You worshipped Ru.
Ru was extremely pleased with you.
You visited 1 branch of the dungeon, and saw 11 of its levels.
You also visited: Sewer.

You collected 566 gold pieces.
You spent 325 gold pieces at shops.

Inventory:

Hand Weapons
 A - the +10 rapier of Mekh (weapon) {flame, *Noise Fly Dex+3}
   (You found it on level 3 of the Dungeon)

   Dex+3:     It affects your dexterity (+3).
   Fly:       It grants you flight.
   *Noise:    It may make a loud noise when swung.
 R - a +1 triple sword of flaming
Missiles
 D - 2 throwing nets (quivered)
Armour
 b - +0 fire dragon scales
 c - a +0 buckler (worn)
 l - a +0 pair of gloves (worn)
 q - a +0 cloak (worn)
 C - the +1 ring mail of Yredelemnul, Twisting (worn) {Harm rElec rPois rC+}
   (You found it on level 4 of the Dungeon)

   rC+:       It protects you from cold.
   rElec:     It insulates you from electricity.
   rPois:     It protects you from poison Harm: It increases damage dealt and
   taken.
 I - the +0 ring mail "Upeady" {rCorr Int+2 Dex+3 Stlth-}
   (You found it on level 5 of the Dungeon)

   Int+2:     It affects your intelligence (+2).
   Dex+3:     It affects your dexterity (+3).
   rCorr:     It protects you from acid and corrosion.
   Stlth-:    It makes you less stealthy.
 N - a +0 helmet
Jewellery
 s - a ring of ice
 v - a ring of protection from fire
 z - the amulet "Ynathran" (around neck) {RegenMP Rampage}
   (You found it on level 9 of the Dungeon)

   [amulet of magic regeneration]

   RegenMP:   It increases your rate of magic regeneration.
   Rampage:   It bestows one free step when moving towards enemies.
 J - a ring of flight
 P - a ring of positive energy (left hand)
 Q - a +4 ring of protection (right hand)
Wands
 y - a wand of flame (62)
 M - a wand of iceblast (5)
Scrolls
 a - a scroll of revelation {unknown}
 e - 2 scrolls of noise
 g - 2 scrolls of poison {unknown}
 h - a scroll of vulnerability {unknown}
 k - 4 scrolls of fear {unknown}
 m - 2 scrolls of fog {unknown}
 o - 2 scrolls of enchant weapon {unknown}
 r - a scroll of summoning {unknown}
 u - 8 scrolls of teleportation
 G - a scroll of acquirement {unknown}
 L - a scroll of blinking {unknown}
Potions
 d - 6 potions of might
 f - 2 potions of brilliance
 i - a potion of heal wounds
 j - a potion of haste
 n - 3 potions of attraction
 p - 2 potions of enlightenment
 w - a potion of resistance
 B - 3 potions of lignification
 E - 2 potions of magic
 F - a potion of invisibility
 H - 5 potions of curing
 K - a potion of cancellation
 O - a potion of ambrosia


   Skills:
 + Level 9.2 Fighting
 - Level 12.3(13.0) Short Blades
 + Level 7.2(11.2) Long Blades
 - Level 5.1(5.3) Maces & Flails
 - Level 2.0(3.8) Staves
 + Level 6.7 Armour
 - Level 12.9 Shields


You had 10 spell levels left.
You didn't know any spells.
Your spell library contained the following spells:

 Spells                   Type           Power      Damage    Failure   Level
 Kiss of Death            Conj/Necr      0%         2d5       75%         1
 Confusing Touch          Hex            0%         N/A       97%         3
 Dispel Undead            Necr           0%         3d6       100%        4


Dungeon Overview and Level Annotations

Branches:
Dungeon (11/15)            Temple (0/1) D:7            Lair (0/5) D:9
  Sewer (visited)
    Orc: D:9-12

Altars:
Ashenzari
Gozag
Kikubaaqudgha
Makhleb
Qazlal
Ru
Trog
Uskayaw
Vehumet
The Shining One

Shops:
D:4 (   D:9 :


Innate Abilities, Weirdness & Mutations

You have a pair of horns on your head.
You are weak. (Str -2)
You are hated by all.
Your casting is slightly disrupted.
You are sensitive to extremes of temperature. (rF-, rC-)
You reflexively headbutt those who attack you in melee.
You have a somewhat thin skeletal structure. (Dex +2, Stealth+)


Message History

The skeletal warrior is almost destroyed.
The skeletal warrior hits you with a +0 long sword!
You focus your inner power and blind the skeletal warrior in retribution!
You strike the helpless skeletal warrior from behind!
You impale the skeletal warrior!! You burn the skeletal warrior.
You destroy the skeletal warrior!
Your base Long Blades skill increases to level 7!
You closely miss the skeletal warrior.
You headbutt the skeletal warrior, but do no damage.
You puncture the skeletal warrior! You burn the skeletal warrior.
The skeletal warrior is lightly damaged.
The skeletal warrior hits you with a +0 long sword of electrocution!
* * * LOW HITPOINT WARNING * * *
You barely miss the skeletal warrior.
The skeletal warrior is lightly damaged.
You hit the skeletal warrior. You burn the skeletal warrior.
The skeletal warrior is moderately damaged.
The skeletal warrior barely misses you.
You puncture the skeletal warrior! You burn the skeletal warrior.
The skeletal warrior is heavily damaged.
You hit the skeletal warrior but do no damage.
The skeletal warrior is heavily damaged.
The skeletal warrior closely misses you.
You furiously retaliate!
You headbutt the skeletal warrior! You hit the skeletal warrior.
You burn the skeletal warrior. You headbutt the skeletal warrior.
The skeletal warrior is severely damaged.
You block the skeletal warrior's attack.
You hit the skeletal warrior but do no damage.
The skeletal warrior is severely damaged.
You hit the skeletal warrior. You burn the skeletal warrior.
The skeletal warrior is almost destroyed.
The skeletal warrior hits you with a +0 long sword of electrocution!!
* * * LOW HITPOINT WARNING * * *
You barely miss the skeletal warrior.
The skeletal warrior is almost destroyed.
You hit the skeletal warrior. You burn the skeletal warrior.
The skeletal warrior is almost destroyed.
The skeletal warrior hits you with a +0 long sword of electrocution!
You die...

.....######
..........##############
.......................######
......z.†z...................
......######.................
..... #.......<......... ####
#.#####..........# #z#
#..####....# #@# #..#..######
#.# #..#........ #.#
#..#.####### #.# #..#.# #.#
#..#.# #######.# #..#.#
........# #.(#.#
........#####..'.#
...............#.#######


You could see a skeletal warrior.

Vanquished Creatures
  A two-headed ogre (D:9)
  A boulder beetle (D:11)
  A skeletal warrior (D:11)
  A manticore (D:11)
  A gargoyle (D:11)
  An unseen horror (D:11)
  A kobold demonologist (D:5)
  A hornet (D:11)
  15 yaks
  A wyvern (D:9)
  3 steam dragons
  An acid dragon (D:9)
  A water moccasin (D:7)
  An ice beast (D:6)
  A black bear (D:5)
  4 orc warriors
  A sky beast (D:5)
  An ogre (D:7)
  A phantom (D:6)
  3 centaurs
  2 bullfrogs
  5 kobold brigands
  2 scorpions
  7 wights
  7 killer bees (D:9)
  A vampire bat (D:3)
  3 jellies
  2 bombardier beetles
  Crazy Yiuf (D:2)
  4 orc priests
  4 hounds
  Ijyb (D:3)
  Terence (D:3)
  2 iguanas
  8 orc wizards
  10 gnolls
  4 adders
  6 river rats
  A shadow imp (D:6)
  3 white imps
  2 ufetubi (D:6)
  2 dart slugs
  2 ribbon worms
  36 orcs
  3 bat skeletons (D:3)
  2 bat zombies (D:3)
  15 endoplasms
  4 giant cockroaches
  5 hobgoblins
  8 jackals
  A quokka (D:3)
  11 ball pythons
  6 bats
  3 frilled lizards
  6 goblins
  40 kobolds
  25 rats
286 creatures vanquished.

Vanquished Creatures (others)
  A kobold (D:8)
1 creature vanquished.

Grand Total: 287 creatures vanquished

Notes
Turn   | Place    | Note
-------+----------+-------------------------------------------
     0 | D:1      | Gottschkopf the Minotaur Fighter began the quest for the
                  | Orb.
     0 | D:1      | Reached XP level 1. HP: 19/19 MP: 0/0
    92 | D:1      | Reached XP level 2. HP: 16/26 MP: 1/1
   749 | D:2      | Reached XP level 3. HP: 31/31 MP: 2/2
   938 | D:2      | Found a runed translucent door.
   939 | D:2      | Noticed Crazy Yiuf
   944 | D:2      | Killed Crazy Yiuf
  1196 | D:3      | Noticed a +0 dagger
  1196 | D:3      | Noticed a +0 dagger
  1196 | D:3      | Noticed a +0 short sword
  1196 | D:3      | Noticed a +0 short sword
  1196 | D:3      | Noticed a +0 falchion
  1196 | D:3      | Noticed a +0 spear
  1197 | D:3      | Noticed a +0 spear
  1197 | D:3      | Noticed a +0 falchion
  1265 | D:3      | Noticed Terence
  1271 | D:3      | Killed Terence
  1272 | D:3      | Reached XP level 4. HP: 31/39 MP: 3/3
  1332 | D:3      | Found a glowing golden altar of the Shining One.
  1447 | D:3      | Found an opulent altar of Gozag.
  1447 | D:3      | Found a sacrificial altar of Ru.
  1447 | D:3      | Found a hide-covered altar of Uskayaw.
  1447 | D:3      | Found a burning altar of Makhleb.
  1447 | D:3      | Found a stormy altar of Qazlal.
  1447 | D:3      | Found an ancient bone altar of Kikubaaqudgha.
  1461 | D:3      | Reached skill level 5 in Shields
  1461 | D:3      | Reached XP level 5. HP: 45/46 MP: 4/4
  1491 | D:3      | Became a worshipper of Ru the Awakened
  1653 | D:3      | Noticed Ijyb
  1657 | D:3      | Found a blossoming altar of Fedhas.
  1664 | D:3      | Killed Ijyb
  1665 | D:3      | Reached skill level 5 in Maces & Flails
  1762 | D:3      | Found a hide-covered altar of Uskayaw.
  1788 | D:3      | Found a radiant altar of Vehumet.
  1850 | D:3      | Identified the +10 rapier of Mekh {flame, *Noise Fly Dex+3}
  2087 | D:3      | Found an ancient bone altar of Kikubaaqudgha.
  2095 | D:3      | Reached skill level 1 in Short Blades
  2361 | D:4      | Reached XP level 6. HP: 34/52 MP: 5/5
  2529 | D:4      | Found a broken altar of Ashenzari.
  2623 | D:4      | Identified the +1 ring mail of Yredelemnul, Twisting {Harm
                  | rElec rPois rC+}
  2642 | D:4      | Found Dokki's Weapon Emporium.
  3086 | D:5      | Entered Level 5 of the Dungeon
  3093 | D:5      | Reached XP level 7. HP: 51/59 MP: 6/6
  3098 | D:5      | Gained mutation: You are weak. (Str -2) [Ru sacrifice]
  3103 | D:4      | Reached skill level 5 in Short Blades
  3296 | D:5      | Found a glowing drain.
  3305 | Sewer    | Entered a sewer
  3915 | D:5      | Reached XP level 8. HP: 59/66 MP: 7/7
  3925 | D:5      | Identified the +0 ring mail "Upeady" {rCorr Int+2 Dex+3
                  | Stlth-}
  4149 | D:5      | Noticed a kobold demonologist
  4154 | D:5      | Noticed a rust devil
  4161 | D:5      | Killed a kobold demonologist
  4162 | D:5      | Reached skill level 10 in Shields
  5143 | D:6      | Found an opulent altar of Gozag.
  5299 | D:6      | Gained mutation: You are hated by all. [Ru sacrifice]
  5299 | D:6      | Reached * piety under Ru
  5299 | D:6      | Reached ** piety under Ru
  5333 | D:6      | Gained mutation: You have a somewhat thin skeletal
                  | structure. (Dex +2, Stealth+) [potion of mutation]
  5554 | D:6      | Reached XP level 9. HP: 62/72 MP: 8/8
  6027 | D:7      | Found a staircase to the Ecumenical Temple.
  6043 | D:7      | Reached skill level 5 in Fighting
  6386 | D:4      | Bought a +1 triple sword of flaming for 325 gold pieces
  6452 | D:8      | Reached skill level 10 in Short Blades
  6514 | D:8      | Reached skill level 1 in Long Blades
  6825 | D:8      | Gained mutation: Your casting is slightly disrupted. [Ru
                  | sacrifice]
  7072 | D:8      | Reached XP level 10. HP: 68/84 MP: 9/9
  7583 | D:9      | Found a staircase to the Lair.
  7722 | D:9      | Noticed a two-headed ogre
  7730 | D:9      | Killed a two-headed ogre
  7805 | D:9      | Reached skill level 5 in Long Blades
  7992 | D:9      | Found a bloodstained altar of Trog.
  8025 | D:9      | Found Hoggeurph's Book Emporium.
  8043 | D:9      | Identified the amulet "Ynathran" {RegenMP Rampage}
  8389 | D:10     | Entered Level 10 of the Dungeon
  8731 | D:10     | Reached skill level 5 in Armour
  8757 | D:10     | Gained mutation: You are sensitive to extremes of
                  | temperature. (rF-, rC-) [Ru sacrifice]
  8757 | D:10     | Reached *** piety under Ru
  8757 | D:10     | Reached **** piety under Ru
  8757 | D:10     | Reached ***** piety under Ru
  9456 | D:11     | Noticed a boulder beetle
  9468 | D:11     | Killed a boulder beetle
  9536 | D:11     | Noticed a gargoyle
  9545 | D:11     | Killed a gargoyle
  9546 | D:11     | Reached XP level 11. HP: 93/95 MP: 10/10
  9737 | D:11     | Noticed a skeletal warrior
  9772 | D:11     | Noticed a skeletal warrior
  9792 | D:11     | Killed a skeletal warrior
  9803 | D:11     | Slain by a skeletal warrior

Illustrated notes

Levels and vault maps discovered:
D:1:      dpeg_arrival_connections, layout_basic
D:2:      layout_loops_ring, uniq_crazy_yiuf_cottage
D:3:      cheibrodos_fertilizer, layout_loops_ring, amcnicky_altar_gilded,
          mainiacjoe_overflow_tiny_flanked, nicolae_uskayaw_en_pointe,
          kennysheep_vampire_church, vehumet_altar_wand_db, uniq_ijyb,
          uniq_terence
D:4:      layout_basic, mainiacjoe_overflow_alcove_4, serial_shops, shop,
          serial_library_hellmonk_junction
D:5:      layout_layer_cave, portal_sewer_entry_b
D:6:      layout_gridville, grunt_gozag_statues
D:7:      layout_basic, minmay_temple_entry_tees
D:8:      layout_cave_pods, nicolae_hepliaklqana_hazy_memory,
          kennysheep_pointless_box
D:9:      layout_stronghold, marbit_many_paths, lair_entry_dummy, serial_shops,
          nicolae_shop_rolling_square
D:10:     layout_stronghold, minivault_23, minmay_misc_feat_roman
D:11:     layout_irregular_city, portal_ice_cave_entry_ice_simulacra

Skill      XL: |  1  2  3  4  5  6  7  8  9 10 11 |
---------------+----------------------------------+-----
Maces & Flails | 3 4 5 |  5.1
Shields        | 4 5 6 7 9 11 12 | 12.9
Staves         | 2 |  2.0
Fighting       | 4 6 8 9 |  9.2
Short Blades   | 2 4 6 9 11 12 | 12.3
Long Blades    | 3 6 7 |  7.2
Armour         | 5 6 |  6.7

Action                     |  1- 3 |  4- 6 |  7- 9 | 10-12 || total
---------------------------+-------+-------+-------+-------++-------
  Melee: Flail             |    46 |    51 |       |       ||    97
         Headbutt          |     9 |    12 |    36 |    42 ||    99
         Quarterstaff      |    15 |       |       |       ||    15
         Rapier            |       |    49 |   268 |   168 ||   485
 Invoke: Sacrifice Purity  |       |       |     1 |       ||     1
         Sacrifice Love    |       |       |     1 |       ||     1
         Sacrifice Essence |       |       |     1 |       ||     1
         Sacrifice Resista |       |       |       |     1 ||     1
    Use: Scroll            |       |     5 |     6 |     5 ||    16
         Potion            |       |       |     1 |       ||     1
   Stab: Sleeping          |       |       |     2 |     2 ||     4
         Invisible         |       |       |       |     1 ||     1
 Armour: Scale mail        |    53 |    46 |       |       ||    99
         Ring mail         |       |    13 |   168 |    78 ||   259
  Dodge: Dodged            |    31 |    45 |    86 |    28 ||   190
  Block: Buckler           |    14 |    26 |    84 |    23 ||   147
